 Dungeon Crawl Stone Soup version 0.32-a0-913-g739538afd8 (webtiles) character file.

Game seed: 8477563434739849598

1220 BenSoosneb the Spear-Bearer (level 8, -1/56 HPs)
             Began as a Merfolk Gladiator on Apr 8, 2024.
             Was a Follower of Okawaru.
             Slain by a killer bee (3 damage)
             ... on level 5 of the Dungeon.
             The game lasted 00:20:19 (5192 turns).

BenSoosneb the Spear-Bearer (Merfolk Gladiator)     Turns: 5192, Time: 00:20:19

Health: -1/56      AC:  9    Str: 13 (14) XL:     8   Next: 47%
Magic:  8/8        EV:  9    Int: 15      God:    Okawaru [*.....]
Gold:   278        SH:  0    Dex: 16      Spells: 7/7 levels left

rFire   . . .        a - +0 trident
rCold   . . .        (no shield)
rNeg    . . .        v - +1 scale mail {Will+}
rPois   .            c - +0 helmet
rElec   .            (no cloak)
rCorr   .            x - +0 pair of gloves
SInv    .            (no boots)
Will    ++...        (no amulet) Stlth
                     w - +6 ring of intelligence
HPRegen 0.29/turn    l - ring of willpower
MPRegen 0.11/turn

%: no passive effects
@: mighty, lethally poisoned (-1 -> -12), slowed, very slow
A: (nimble swimmer 2), mertail, sense surroundings 1
a: Renounce Religion, Heroism


You were on level 5 of the Dungeon.
You worshipped Okawaru.
Okawaru was aware of your devotion.
You visited 2 branches of the dungeon, and saw 6 of its levels.

You collected 278 gold pieces.

Inventory:

Hand Weapons
 a - a +0 trident (weapon)
Missiles
 d - 2 throwing nets (quivered)
 e - a javelin
Armour
 b - a +0 leather armour
 c - a +0 helmet (worn)
 v - a +1 scale mail of willpower (worn)
 x - a +0 pair of gloves (worn)
Jewellery
 l - a ring of willpower (right hand)
 w - a +6 ring of intelligence (left hand)
 y - a ring of resist corrosion
Wands
 r - a wand of mindburst (17)
Scrolls
 f - 2 scrolls of noise {unknown}
 h - a scroll of revelation {unknown}
 i - 2 scrolls of enchant weapon {unknown}
 j - 4 scrolls of teleportation {unknown}
 m - 3 scrolls of identify {unknown}
 o - 2 scrolls of amnesia {unknown}
 q - a scroll of poison {unknown}
 t - a scroll of blinking {unknown}
Potions
 n - a potion of mutation
 p - a potion of enlightenment
 s - 2 potions of ambrosia


   Skills:
 - Level 2.1 Fighting
 * Level 13.3 Polearms
 - Level 2.0 Throwing
 - Level 4.0 Dodging


You had 7 spell levels left.
You didn't know any spells.
Your spell library contained the following spells:

 Spells                   Type           Power      Damage    Failure   Level
 Ensorcelled Hibernation  Hex/Ice        0%         N/A       90%         2
 Passwall                 Erth           0%         N/A       99%         3
 Swiftness                Air            0%         N/A       99%         3
 Brom's Barrelling Bould  Conj/Erth      0%         2d3       100%        4
 Leda's Liquefaction      Alch/Erth      0%         N/A       100%        4
 Petrify                  Alch/Erth      0%         N/A       100%        4
 Summon Small Mammal      Summ           Unusable   N/A       N/A         1
 Call Canine Familiar     Summ           Unusable   N/A       N/A         3
 Summon Blazeheart Golem  Fire/Summ      Unusable   N/A       N/A         4
 Summon Horrible Things   Summ           Unusable   N/A       N/A         8

Dungeon Overview and Level Annotations

Branches:
Dungeon (5/15)             Temple (1/1) D:5

Altars:
Ashenzari
Cheibriados
Dithmenos
Elyvilon
Fedhas
Hepliaklqana
Kikubaaqudgha
Makhleb
Okawaru
Uskayaw
Vehumet
Yredelemnul
Zin
The Shining One

Shops:
D:3 [

Annotations:
D:5 1 transporter, NotYourErnst's ghost, novice GrBr


Innate Abilities, Weirdness & Mutations

((You are very nimble when in or above water. (Stealth+, EV+, Speed+++)))
Your lower body shifts to a powerful aquatic tail in water.
You passively map a small area around you.


Message History

The hornet stings you but does no damage.
You puncture the hornet!
You kill the hornet!
Okawaru is honoured by your kill.
You can now gain great but temporary skills.
You feel very sick. The killer bee barely misses you.
You feel your strength returning.
You feel your intelligence returning.
Your Polearms skill increases to level 13!
You miss the killer bee.
The killer bee is severely wounded.
You feel sick.
The killer bee stings you but does no damage.
The killer bee barely misses you. The killer bee stings you.
You completely miss the killer bee.
The killer bee is severely wounded.
You feel sick. The killer bee stings you.
The killer bee stings you but does no damage.
The killer bee stings you.
The killer bee stings you but does no damage. x3
You miss the killer bee.
The killer bee is severely wounded.
You feel sick. The killer bee closely misses you.
The killer bee stings you but does no damage.
The killer bee stings you.
* * * LOW HITPOINT WARNING * * *
The killer bee stings you.
* * * LOW HITPOINT WARNING * * *
The killer bee barely misses you. The killer bee closely misses you.
Okay, then.
You hit the killer bee.
The killer bee is almost dead.
You feel sick. The killer bee barely misses you. The killer bee stings you.
* * * LOW HITPOINT WARNING * * *
The killer bee stings you.
* * * LOW HITPOINT WARNING * * *
You are more poisoned.
The killer bee poisons you! The killer bee barely misses you.
The killer bee stings you.
You die...

## #.#
#.###W###.###....... #.#
#.##yy.#...##.......
#.###.####.#.####.......
#..##.##...#...##.......
##.##.#.#.#.#.#$#.....<.
#..#.#..#...#Wy#.#.+#.#
##..©#©.#.#.#.y#©...#.#
###.#yy#y..#.y#.##.###
#.#@#.#.#.#.#.##....
#.##y..#..?##.##.###
#.##.#?#.#.##.##.#
#.##...#...##.##.#
#.###.###.###.##.#
#..#########..##.#
##..###.###..###.#
##.........####.#
#####..........#


You could see 3 killer bees.

Vanquished Creatures
  A hornet (D:5)
  Sigmund (D:2)
  A black bear (D:5)
  A phantom (D:5)
  2 bullfrogs
  A scorpion (D:5)
  A howler monkey (D:5)
  A hound (D:4)
  2 orc priests
  3 iguanas (D:5)
  Natasha (D:2)
  3 orc wizards
  Robin (D:4)
  4 gnolls (D:5)
  6 adders
  A ribbon worm (D:3)
  A dart slug (D:4)
  14 orcs
  4 bats
  8 endoplasms
  4 giant cockroaches
  8 goblins
  10 hobgoblins
  2 jackals (D:4)
  3 quokkas
  5 ball pythons
  2 frilled lizards
  9 kobolds
  7 rats
107 creatures vanquished.

Notes
Turn   | Place    | Note
-------+----------+-------------------------------------------
     0 | D:1      | BenSoosneb the Merfolk Gladiator began the quest for the
                  | Orb.
     0 | D:1      | Reached XP level 1. HP: 16/16 MP: 1/1
   242 | D:1      | Reached XP level 2. HP: 22/22 MP: 2/2
   293 | D:1      | Reached skill level 5 in Polearms
   751 | D:2      | Reached XP level 3. HP: 27/27 MP: 3/3
   807 | D:2      | Found a glowing silver altar of Zin.
   910 | D:2      | Noticed Sigmund
   920 | D:2      | Killed Sigmund
   921 | D:2      | Reached skill level 8 in Polearms
   921 | D:2      | Reached XP level 4. HP: 33/33 MP: 4/4
   921 | D:2      | Reached XP level 5. HP: 38/38 MP: 5/5
  1064 | D:2      | You fall into a shaft and drop 2 floors!
  1133 | D:4      | Reached XP level 6. HP: 37/44 MP: 6/6
  1538 | D:2      | Reached skill level 9 in Polearms
  1705 | D:2      | Noticed Natasha
  1712 | D:2      | Killed Natasha
  2142 | D:3      | Got the Omnibus of the Fjord and Companions
  2155 | D:3      | Found Sanicil's Antique Armour Shoppe.
  3175 | D:4      | Noticed Robin
  3193 | D:4      | Killed Robin
  3281 | D:4      | Reached skill level 10 in Polearms
  3466 | D:4      | Reached XP level 7. HP: 44/48 MP: 7/7
  3672 | D:4      | Gained mutation: You passively map a small area around you.
                  | [potion of mutation]
  3894 | D:5      | Entered Level 5 of the Dungeon
  3895 | D:5      | Found a transporter.
  3895 | D:5      | Found a transporter.
  3895 | D:5      | Noticed NotYourErnst's ghost (novice GrBr)
  3967 | D:5      | Reached skill level 11 in Polearms
  4400 | D:5      | Reached skill level 12 in Polearms
  4400 | D:5      | Reached XP level 8. HP: 56/56 MP: 8/8
  4591 | D:5      | Noticed a hornet
  4639 | D:5      | Found a staircase to the Ecumenical Temple.
  4658 | Temple   | Entered the Ecumenical Temple
  4830 | Temple   | Became a worshipper of Warmaster Okawaru
  5186 | D:5      | Paralysed by a hornet for 1 turns
  5188 | D:5      | Killed a hornet
  5188 | D:5      | Reached * piety under Okawaru
  5189 | D:5      | Reached skill level 13 in Polearms
  5192 | D:5      | HP: 2/56 [killer bee (5)]
  5192 | D:5      | Slain by a killer bee

Illustrated notes

Levels and vault maps discovered:
D:1:      roderic_crossed_star, layout_rooms, minmay_pentomino_w2
D:2:      layout_basic, basic_altar, uniq_natasha, uniq_sigmund
D:3:      layout_loops_corners, serial_shops, shop, grunt_decor_fettered,
          kennysheep_generic_room_2
D:4:      layout_loops_ring, uniq_robin
D:5:      layout_basic, minmay_temple_entry_wispy, gammafunk_ghost_hive
Temple:   oiseaux_autumnal_temple

Skill      XL: |  1  2  3  4  5  6  7  8 |
---------------+-------------------------+-----
Polearms       | 5 8 10 12 13 | 13.3
Fighting       | |  2.1
Throwing       | |  2.0
Dodging        | |  4.0

Action                     |  1- 3 |  4- 6 |  7- 9 || total
---------------------------+-------+-------+-------++-------
  Melee: Trident           |    96 |   261 |   168 ||   525
  Throw: Javelin           |     3 |       |       ||     3
         Throwing net      |     2 |       |       ||     2
    Use: Potion            |       |     3 |    11 ||    14
   Stab: Sleeping          |       |     1 |       ||     1
 Armour: Leather armour    |    36 |    22 |       ||    58
         Scale mail        |       |    90 |   114 ||   204
  Dodge: Dodged            |    54 |    77 |    57 ||   188

Table legend: (Time is in decaauts)
 A = Elapsed time spent in this place.
 B = Non-inter-level travel time spent in this place.
 C = Inter-level travel time spent in this place.
 D = Time resting spent in this place.
 E = Time spent auto-exploring this place.
 F = Levels seen in this place.
 G = Mean time per level.
                   A        B        C        D        E       F      G
               +--------+--------+--------+--------+--------+-----+--------+
         Total |   5110 |   4946 |    164 |   1237 |   2513 |   6 |  851.7 |
       Dungeon |   4923 |   4775 |    148 |   1237 |   2513 |   5 |  984.6 |
        Temple |    187 |    171 |     16 |      0 |      0 |   1 |  187.0 |
               +--------+--------+--------+--------+--------+-----+--------+

Top non-repeatable levels by time:
     D:3: 1361 daAuts
     D:4: 1080 daAuts
     D:5: 1066 daAuts
     D:1: 744 daAuts
     D:2: 669 daAuts
  Temple: 187 daAuts
